 Dungeon Crawl Stone Soup version 0.28.0-45-g0d030f2227 (webtiles) character file.

Game seed: 16194258576944030610

7214 McKennaii the Devastator (level 10, -18/63 HPs)
             Began as a Demonspawn Conjurer on Apr 8, 2022.
             Was a Priest of Sif Muna.
             Demolished by a boulder beetle (50 damage)
             ... on level 10 of the Dungeon.
             The game lasted 00:13:09 (12560 turns).

McKennaii the Devastator (Demonspawn Conjurer)     Turns: 12560, Time: 00:13:09

Health: -18/63     AC: 11    Str:  7    XL:     10   Next: 87%
Magic:  19/34      EV: 12    Int: 29    God:    Sif Muna [***...]
Gold:   657        SH:  5    Dex: 13    Spells: 24/31 levels left

rFire   . . .      SeeInvis .   D - +4 spear (freeze)
rCold   + . .      Faith    .   (no shield)
rNeg    . . .      Spirit   .   t - +2 robe {rC+}
rPois   .          Reflect  +   v - +0 helmet
rElec   .          Harm     .   F - +2 cloak
rCorr   .          Rampage  .   (no gloves)
Will    .....                   m - +0 pair of boots
Stlth   ++........              h - amulet of reflection
HPRegen 1.20/turn               A - ring of magical power
MPRegen 0.24/turn               y - +6 ring of intelligence

@: no status effects
A: icy blue scales 1, powered by death 1, demonic magic 1, weakness stinger 2
a: Renounce Religion, Channel Magic, Forget Spell


You were on level 10 of the Dungeon.
You worshipped Sif Muna.
Sif Muna was most pleased with you.
You visited 2 branches of the dungeon, and saw 11 of its levels.

You collected 657 gold pieces.

Inventory:

Hand Weapons
 D - a +4 spear of freezing (weapon)
Armour
 m - a +0 pair of boots (worn)
 t - a +2 robe of cold resistance (worn)
 v - a +0 helmet (worn)
 F - a +2 cloak (worn)
Jewellery
 h - an amulet of reflection (around neck)
 w - a ring of poison resistance
 y - a +6 ring of intelligence (right hand)
 A - a ring of magical power (left hand)
 B - a ring of positive energy
 E - a ring of protection from fire
 H - a ring of resist corrosion
Wands
 i - a wand of digging (10)
 r - a wand of flame (4)
 s - a wand of iceblast (4)
Scrolls
 a - a scroll of fog
 b - 2 scrolls of enchant armour {unknown}
 c - 6 scrolls of identify {unknown}
 e - 2 scrolls of magic mapping {unknown}
 f - a scroll of acquirement {unknown}
 j - 2 scrolls of teleportation {unknown}
 k - 4 scrolls of blinking {unknown}
 q - 3 scrolls of brand weapon {unknown}
 z - 2 scrolls of enchant weapon {unknown}
Potions
 d - 2 potions of haste {unknown}
 g - a potion of berserk rage {unknown}
 l - a potion of cancellation {unknown}
 n - a potion of degeneration {unknown}
 o - 4 potions of attraction {unknown}
 p - 3 potions of resistance {unknown}
 u - a potion of curing {unknown}
 x - a potion of invisibility {unknown}
 C - a potion of heal wounds {unknown}
 G - a potion of might {unknown}
 I - a potion of flight {unknown}


   Skills:
 - Level 1.7 Dodging
 - Level 1.7 Stealth
 + Level 11.1 Spellcasting
 + Level 15.5 Conjurations


You had 24 spell levels left.
You knew the following spells:

 Your Spells              Type           Power      Damage    Failure   Level
a - Magic Dart            Conj           100%       1d8       0%          1
b - Searing Ray           Conj           100%       2d8       0%          2
c - Iskenderun's Mystic   Conj/Tloc      57%        2d12      1%          4

Your spell library contained the following spells:

 Spells                   Type           Power      Damage    Failure   Level
 Dazzling Flash           Conj/Hex       100%       N/A       1%          3
 Fulminant Prism          Conj/Hex       28%        3d14      1%          4
 Irradiate                Conj/Tmut      28%        3d23      3%          5
 Blade Hands              Tmut           8%         N/A       67%         5
 Dragon Form              Tmut           8%         N/A       100%        7


Dungeon Overview and Level Annotations

Branches:
Dungeon (10/15)            Temple (1/1) D:6            Lair (0/6) D:8
    Orc: D:9-12

Altars:
Cheibriados
Elyvilon
Hepliaklqana
Kikubaaqudgha
Nemelex Xobeh
Okawaru
Qazlal
Ru
Sif Muna
Vehumet
Yredelemnul
Zin

Annotations:
D:3 1 runed translucent door, Ablot's ghost, amateur GnWr


Innate Abilities, Weirdness & Mutations

You are partially covered in icy blue scales. (AC +2)
You regenerate a little health from kills.
Spells you cast may paralyse adjacent enemies.
You have a tail ending in a sharp stinger.


Message History

The white ugly thing is heavily wounded.
Malevolent energies surge around you.
A boulder beetle comes into view.
Casting: Magic Dart (safe; 0% risk of failure)
Confirm with . or Enter, or press ? or * to list all spells.
Aiming: Searing Ray (safe; 0% risk of failure)
Press: ? - help, Shift-Dir - straight line, f/p - white ugly thing
Aim: a white ugly thing (heavily wounded, 83% to hit)
The searing ray hits the white ugly thing!
The white ugly thing is severely wounded. (Press . to maintain the ray.) Malevolent energies surge around you.
The boulder beetle curls into a ball and begins rolling!
The searing ray hits the white ugly thing.
The white ugly thing is severely wounded.
Unknown command.
The searing ray hits the white ugly thing.
The white ugly thing is severely wounded.
The white ugly thing headbutts you. The white ugly thing freezes you.
You resist.
Unknown command.
The searing ray hits the white ugly thing!
The white ugly thing is almost dead.
The searing ray hits the boulder beetle but does no damage.
You finish channelling your searing ray.
The white ugly thing headbutts you! The white ugly thing freezes you!
You resist.
Unknown command.
Casting: Searing Ray (safe; 0% risk of failure)
Confirm with . or Enter, or press ? or * to list all spells.
You erupt in a blast of force!
The mystic blast hits the boulder beetle but does no damage.
The mystic blast hits the white ugly thing!
You kill the white ugly thing!
Sif Muna accepts your kill. Malevolent energies surge around you.
You hear a shout!
The boulder beetle hits you!!!
Ouch! That really hurt!
You die...

....# #..# #.. ....# #..## #..
....# #...# . ... ....# #...# ..
... ....# #...# .# .## ....# .°.
..# ....############○##...#
................B.....#
................@.....# ..##
.................................
###.............########.....####
#.....#######.# #.....# #.....#
#.# #.....# #.....# #.# #.....#
#.....# #.# #.....# ###.....#
#.########.....###+ ........#
#..................


You could see a boulder beetle (rolling).

Vanquished Creatures
  Erolcha (D:9)
  A deep elf pyromancer (D:9)
  An ugly thing (D:10)
  Maurice (D:9)
  A centaur zombie (D:10)
  A kobold demonologist (D:10)
  A troll (D:8)
  Prince Ribbit (D:9)
  A yak (D:8)
  2 wraiths (D:10)
  2 vampires
  2 acid dragons
  4 water moccasins
  A hornet zombie (D:7)
  2 orc warriors
  2 ice beasts
  3 black bears
  A sky beast (D:6)
  A necrophage (D:6)
  2 ogres
  2 centaurs
  3 phantoms
  5 kobold brigands
  A gnoll sergeant (D:9)
  2 scorpions
  A wyvern zombie (D:5)
  3 bullfrogs
  A water moccasin skeleton (D:4)
  A wight (D:8)
  An electric eel (D:8)
  3 howler monkeys (D:9)
  A lava snake (D:7)
  A hound (D:4)
  3 orc priests
  3 bullfrog skeletons
  A bullfrog zombie (D:6)
  4 jellies
  2 centaur skeletons (D:6)
  2 gnoll shamans
  A scorpion zombie (D:5)
  2 iguanas
  5 orc wizards
  A hound zombie (D:5)
  A hound skeleton (D:5)
  8 adders
  14 gnolls
  A shadow imp (D:8)
  A white imp (D:7)
  An ufetubus (D:6)
  An adder skeleton (D:4)
  2 worms
  2 dart slugs
  27 orcs
  4 ball pythons
  3 bats
  4 endoplasms
  2 giant cockroaches
  3 goblins
  6 hobgoblins
  A quokka (D:2)
  A frilled lizard (D:3)
  26 kobolds
  6 rats
194 creatures vanquished.

Vanquished Creatures (others)
  42 fungi (D:8)
  42 plants (D:8)
84 creatures vanquished.

Grand Total: 278 creatures vanquished

Notes
Turn   | Place    | Note
-------+----------+-------------------------------------------
     0 | D:1      | McKennaii the Demonspawn Conjurer began the quest for the
                  | Orb.
     0 | D:1      | Reached XP level 1. HP: 13/13 MP: 3/3
  1188 | D:2      | Gained mutation: You are partially covered in icy blue
                  | scales. (AC +2) [demonic ancestry]
  1188 | D:2      | Reached XP level 2. HP: 15/19 MP: 0/5
  1343 | D:2      | Reached XP level 3. HP: 24/24 MP: 1/7
  1966 | D:3      | Found a runed translucent door.
  1979 | D:3      | Noticed Ablot's ghost (amateur GnWr)
  2092 | D:3      | Found a sparkling altar of Nemelex Xobeh.
  2582 | D:3      | Gained mutation: You regenerate a little health from kills.
                  | [demonic ancestry]
  2582 | D:3      | Reached XP level 4. HP: 20/30 MP: 1/8
  2781 | D:3      | Reached skill level 5 in Conjurations
  3264 | D:4      | Noticed an ogre
  3272 | D:4      | Killed an ogre
  3273 | D:4      | Gained mutation: You have a small tail. [demonic ancestry]
  3273 | D:4      | Reached XP level 5. HP: 12/35 MP: 4/11
  3276 | D:4      | Learned a level 2 spell: Searing Ray
  3281 | D:4      | Learned a level 4 spell: Iskenderun's Mystic Blast
  4188 | D:4      | Noticed a phantom
  4208 | D:4      | Killed a phantom
  4209 | D:4      | Reached skill level 6 in Conjurations
  4209 | D:4      | Reached XP level 6. HP: 35/41 MP: 6/12
  4350 | D:4      | You fall into a shaft and drop 1 floor!
  4350 | D:5      | Entered Level 5 of the Dungeon
  4655 | D:4      | Reached skill level 5 in Spellcasting
  5016 | D:5      | Noticed an ice beast
  5026 | D:5      | Killed an ice beast
  5027 | D:5      | Gained mutation: You have a tail ending in a sharp stinger.
                  | [demonic ancestry]
  5027 | D:5      | Reached XP level 7. HP: 38/46 MP: 2/14
  5217 | D:5      | Reached skill level 7 in Conjurations
  5915 | D:6      | Found a staircase to the Ecumenical Temple.
  5936 | Temple   | Entered the Ecumenical Temple
  6048 | Temple   | Became a worshipper of Sif Muna the Loreminder
  6215 | D:6      | Reached skill level 8 in Conjurations
  6320 | D:6      | Reached XP level 8. HP: 49/52 MP: 10/17
  6860 | D:6      | Reached skill level 9 in Conjurations
  7910 | D:7      | Reached skill level 10 in Conjurations
  8184 | D:7      | Reached * piety under Sif Muna
  8669 | D:8      | Reached XP level 9. HP: 57/57 MP: 20/20
  8674 | D:8      | Reached skill level 11 in Conjurations
  8952 | D:8      | Found a faded altar of an unknown god.
  9226 | D:8      | Reached skill level 12 in Conjurations
  9492 | D:8      | Reached ** piety under Sif Muna
  9606 | D:8      | Found a staircase to the Lair.
  9974 | D:8      | Noticed a troll
  9983 | D:8      | Killed a troll
  9984 | D:8      | Reached skill level 13 in Conjurations
 10292 | D:9      | Gained mutation: Spells you cast may paralyse adjacent
                  | enemies. [demonic ancestry]
 10292 | D:9      | Reached XP level 10. HP: 63/63 MP: 0/23
 10646 | D:9      | Noticed Maurice
 10655 | D:9      | Noticed Erolcha
 10668 | D:9      | Noticed a deep elf pyromancer
 10770 | D:9      | Noticed Prince Ribbit
 10778 | D:9      | Killed Prince Ribbit
 10779 | D:9      | Reached skill level 14 in Conjurations
 10797 | D:9      | Killed Maurice
 10798 | D:9      | Reached skill level 10 in Spellcasting
 10833 | D:9      | Found a hazy altar of Hepliaklqana.
 10965 | D:9      | Killed a deep elf pyromancer
 11180 | D:9      | Killed Erolcha
 11181 | D:9      | Reached skill level 15 in Conjurations
 11475 | D:10     | Entered Level 10 of the Dungeon
 11931 | D:10     | Noticed a sixfirhy
 12396 | D:10     | Reached *** piety under Sif Muna
 12550 | D:10     | Noticed a white ugly thing
 12555 | D:10     | Noticed a boulder beetle
 12560 | D:10     | Killed a white ugly thing
 12560 | D:10     | Demolished by a boulder beetle

Illustrated notes

Levels and vault maps discovered:
D:1:      dpeg_arrival_chambers_temple_mockup, layout_loops_ring, serial_rivers,
          chequers_serial_rivers_micro_a, chequers_serial_rivers_small_3,
          chequers_serial_rivers_small_b, chequers_serial_rivers_micro_d
D:2:      cheibrodos_old_hovel, layout_rooms, hex_intersection,
          minmay_tromino_i2
D:3:      layout_loops_ring, nemelex_xobeh_ov_fountains_minmay,
          ebering_ghost_reflecting_pool, serial_rivers,
          chequers_serial_rivers_small_b, chequers_serial_rivers_micro_c,
          chequers_serial_rivers_small_b, chequers_serial_rivers_room_b,
          chequers_serial_rivers_micro_a
D:4:      layout_basic, minivault_1, minmay_increasing_density
D:5:      layout_basic, minmay_manual_monstrance
D:6:      layout_loops_ring, minmay_temple_entry_arrows
D:7:      layout_basic, kennysheep_crisscross, minmay_misc_feat_room,
          nrook_loot_triangle
D:8:      layout_cave_pools, due_lair_maze_entry_diamond, serial_column_ruins,
          column_ruins_hut, column_ruins_temple_circle, column_ruins_grid_4,
          column_ruins_columns_corner, column_ruins_open_large,
          column_ruins_open_tiny, mumra_transporter_accident, minivault_4
D:9:      layout_basic, mainiacjoe_overflow_big_doors, enter_bailey_8,
          uniq_maurice, uniq_prince_ribbit1, uniq_erolcha
D:10:     minmay_sliced_demisemicircle, layout_irregular_city
Temple:   mainiacjoe_temple_bowtie_tessellation

Skill      XL: |  1  2  3  4  5  6  7  8  9 10 |
---------------+-------------------------------+-----
Spellcasting   | 3 4 5 6 7 9 11 | 11.1
Conjurations   | 5 6 8 10 13 15 | 15.5
Dodging        | |  1.7
Stealth        | |  1.7

Action                   |  1- 3 |  4- 6 |  7- 9 | 10-12 || total
-------------------------+-------+-------+-------+-------++-------
Melee: Unarmed           |       |    12 |       |       ||    12
       Punch             |       |     1 |       |       ||     1
       Dagger            |       |    14 |       |       ||    14
       Tailslap          |       |     3 |       |       ||     3
       Spear             |       |       |       |     1 ||     1
 Cast: Magic Dart        |    69 |    95 |   279 |    99 ||   542
       Searing Ray       |       |     7 |    45 |    19 ||    71
       Iskenderun's Myst |       |       |     5 |    31 ||    36
Evoke: Wand              |       |       |       |     2 ||     2
  Use: Scroll            |       |       |       |     1 ||     1
Armor: Robe              |     4 |    24 |    49 |    15 ||    92
Dodge: Dodged            |     3 |    22 |    64 |    21 ||   110
Block: Other             |     3 |    13 |    22 |    12 ||    50
       Reflection        |     1 |     2 |     4 |     1 ||     8
